 Dungeon Crawl Stone Soup version 0.21-a0-140-g479285b (console) character file.

865 removed the Chopper (level 7, -7/52 HPs)
             Began as a Mummy Wanderer on July 21, 2017.
             Mangled by an orc warrior
             ... wielding a +0 dire flail
              (20 damage)
             ... on level 6 of the Dungeon.
             The game lasted 00:09:21 (6064 turns).

removed the Chopper (Mummy Wanderer)                Turns: 6064, Time: 00:09:22

Health: -7/52      AC: 13    Str: 19    XL:     7   Next: 72%
Magic:  7/7        EV: 10    Int:  2    God:
Gold:   129        SH:  0    Dex: 13    Spells: 6/6 levels left

rFire    x . .     SeeInvis .   a - +0 war axe
rCold    + . .     Gourm    .   (no shield)
rNeg     + + +     Faith    .   r - +3 chain mail
rPois    ∞         Spirit   .   (no helmet)
rElec    .         Reflect  .   (no cloak)
rCorr    .         Harm     .   f - +0 pair of gloves
MR       .....                  n - +0 pair of boots
Stlth    ..........             p - amulet of magic regeneration
HPRegen  0.17/turn              e - +3 ring of evasion
MPRegen  0.35/turn              l - -6 ring of intelligence (curse)

@: no status effects
A: no food or potions, fire vulnerability, cold resistance 1, negative energy
resistance 3, torment resistance, unbreathing
a: no special abilities


You were on level 6 of the Dungeon.
You were not hungry.

You visited 1 branch of the dungeon, and saw 6 of its levels.

You collected 345 gold pieces.
You spent 216 gold pieces at shops.

Inventory:

Hand Weapons
 a - a +0 war axe (weapon)
 b - a +2 hand axe
 o - a +0 mace
Missiles
 h - 23 poisoned needles
Armour
 d - a +0 robe
 f - a +0 pair of gloves (worn)
 n - a +0 pair of boots (worn)
 r - a +3 chain mail (worn)
Jewellery
 e - a +3 ring of evasion (left hand)
 l - a cursed -6 ring of intelligence (right hand)
 p - an amulet of magic regeneration (around neck)
 s - an uncursed ring of resist corrosion {unknown}
Scrolls
 c - 5 scrolls of teleportation
 g - 3 scrolls of fog {unknown}
 i - 6 scrolls of remove curse
 j - 7 scrolls of identify {unknown}
 k - a scroll of noise {unknown}
 m - 2 scrolls of enchant weapon
 t - a scroll of fear {unknown}
 u - 2 scrolls of enchant armour {unknown}
 v - 2 scrolls of immolation {unknown}
 x - a scroll of holy word {unknown}
 y - a scroll of blinking
Books
 q - a book of Changes

   Spells                             Type                      Level
   a - Beastly Appendage              Transmutation                1
   b - Sticks to Snakes               Transmutation                2
   c - Spider Form                    Transmutation/Poison         3
   d - Ice Form                       Ice/Transmutation            4
   e - Blade Hands                    Transmutation                5
 w - a book of Necromancy

   Spells                             Type                      Level
   a - Pain                           Necromancy                   1
   b - Animate Skeleton               Necromancy                   1
   c - Vampiric Draining              Necromancy                   3
   d - Regeneration                   Charms/Necromancy            3
   e - Animate Dead                   Necromancy                   4
   f - Control Undead                 Necromancy                   4


   Skills:
 - Level 3.0 Fighting
 + Level 7.8 Axes
   Level 1.0 Crossbows
 - Level 1.0 Throwing
 - Level 1.0 Armour
   Level 1.0 Evocations


You had 6 spell levels left.
You didn't know any spells.

Dungeon Overview and Level Annotations

Branches:
Dungeon (6/15)
 Temple: D:4-7

Altars:
Elyvilon
Fedhas
Gozag
The Shining One

Shops:
D:5 *


Innate Abilities, Weirdness & Mutations

You do not eat or drink.
Your flesh is vulnerable to fire.
You are immune to poison.
Your flesh is cold resistant. (rC+)
You are immune to negative energy. (rN+++)
You are immune to unholy pain and torment.
You can survive without breathing.


Message History

* * * LOW HITPOINT WARNING * * *
You are too injured to fight recklessly!
You closely miss the orc warrior.
The orc warrior is severely wounded.
The orc warrior hits you but does no damage.
You are too injured to fight recklessly!
You hit the orc warrior.
The orc warrior is severely wounded.
The orc warrior closely misses you.
You closely miss the orc warrior.
The orc warrior is severely wounded.
The orc warrior closely misses you.
You hit the orc warrior.
The orc warrior is almost dead.
The orc warrior hits you with a dire flail.
* * * LOW HITPOINT WARNING * * *
You barely miss the orc warrior.
The orc warrior is almost dead.
The orc warrior hits you with a dire flail!!
You die...

#...%..>#
#.#######
#.# #.#####
### #.....#
#<#
#####.###.#
#........#
#.##.#####
#@##.#
#o##.#
....o.oo##..
############


You could see an orc warrior and 2 orcs.

Vanquished Creatures
  2 ogres
  A bullfrog (D:6)
  A howler monkey (D:5)
  2 crimson imps
  A bullfrog zombie (D:5)
  2 bullfrog skeletons
  A jelly (D:6)
  An orc priest (D:3)
  2 orc wizards (D:3)
  Terence (D:3)
  2 iguanas (D:5)
  A worker ant (D:4)
  4 gnolls
  6 adders
  An ooze (D:2)
  3 worms
  A leopard gecko (D:5)
  19 orcs
  3 giant cockroaches
  5 goblins
  10 hobgoblins
  12 jackals
  A quokka (D:5)
  4 ball pythons
  9 bats
  10 frilled lizards
  5 kobolds
  A leopard gecko skeleton (D:5)
  A leopard gecko zombie (D:5)
  7 rats
119 creatures vanquished.

Notes
Turn   | Place    | Note
-------+----------+-------------------------------------------
     0 | D:1      | removed the Mummy Wanderer began the quest for the Orb.
     0 | D:1      | removed set off with: a +2 hand axe, a +0 mace, a scroll of teleportation, a +0 robe
     0 | D:1      | Reached XP level 1. HP: 18/18 MP: 1/1
   619 | D:1      | Reached XP level 2. HP: 13/24 MP: 2/2
   867 | D:1      | Reached skill level 3 in Axes
  1501 | D:2      | Reached XP level 3. HP: 29/29 MP: 3/3
  1740 | D:2      | You fall through a shaft for 2 floors!
  1940 | D:3      | Found a blossoming altar of Fedhas.
  2126 | D:2      | Reached skill level 4 in Axes
  2126 | D:2      | Reached XP level 4. HP: 29/35 MP: 4/4
  3191 | D:3      | Reached XP level 5. HP: 23/41 MP: 5/5
  3334 | D:3      | Reached skill level 5 in Axes
  3763 | D:3      | Noticed an ogre
  3822 | D:3      | Noticed Terence
  3828 | D:3      | Killed Terence
  3965 | D:3      | Reached XP level 6. HP: 39/47 MP: 6/6
  4720 | D:4      | Reached skill level 6 in Axes
  4882 | D:4      | Found an opulent altar of Gozag.
  4936 | D:5      | Entered Level 5 of the Dungeon
  4950 | D:5      | Found a white marble altar of Elyvilon.
  5090 | D:5      | Reached XP level 7. HP: 36/52 MP: 7/7
  5407 | D:5      | Reached skill level 7 in Axes
  5624 | D:5      | Found Olokh's General Store.
  5627 | D:5      | Bought a scroll of enchant weapon for 90 gold pieces
  5627 | D:5      | Bought a scroll of blinking for 90 gold pieces
  5627 | D:5      | Bought a scroll of remove curse for 36 gold pieces
  5647 | D:5      | Found a glowing golden altar of the Shining One.
  6064 | D:6      | Mangled by an orc warrior

Vault maps used:
D:1:      dpeg_arrival_circle_labyrinth_c
D:2:      first_bread
D:3:      roderic_three_in_a_row, minivault_4, fedhas_altar_fruit_tree,
          uniq_terence
D:4:      nicolae_gozag_cash_rules_everything_around_me
D:5:      lemuel_doored_altar, serial_shops, kennysheep_mini_moat, tso_altar
D:6:      old_standard_altar

Skill      XL: |  1  2  3  4  5  6  7 |
---------------+----------------------+-----
Axes           | 3 4 5 6 7 |  7.8
Fighting       | |  3.0
Crossbows      | |  1.0
Throwing       | |  1.0
Armour         | |  1.0
Evocations     | |  1.0

Action                   |  1- 3 |  4- 6 |  7- 9 || total
-------------------------+-------+-------+-------++-------
Melee: Hand axe          |   134 |    17 |       ||   151
       War axe           |       |   208 |    72 ||   280
 Stab: Sleeping          |     5 |       |       ||     5
Armor: Robe              |    15 |    13 |       ||    28
       Chain mail        |       |    72 |    30 ||   102
Dodge: Dodged            |    92 |   131 |    45 ||   268
